 Dungeon Crawl Stone Soup version 0.30-a0-187-gd9c2deaf24 (webtiles) character file.

Game seed: 8677378663238364330

8153 funkygono the Geomancer (level 11, 0/58 HPs)
             Began as a Gargoyle Earth Elementalist on Oct 3, 2022.
             Was a Priest of Vehumet.
             Slain by a death yak (12 damage)
             ... on level 9 of the Dungeon.
             The game lasted 00:20:25 (9433 turns).

funkygono the Geomancer (GrEE)                      Turns: 9433, Time: 00:20:26

Health: 0/58       AC: 21    Str: 13    XL:     11   Next: 26%
Magic:  3/24       EV: 12    Int: 19    God:    Vehumet [***...]
Gold:   282        SH:  0    Dex: 10    Spells: 21/28 levels left

rFire   + + .      SeeInvis .    z - +6 whip (flame)
rCold   x . .      Faith    .    (no shield)
rNeg    + . .      Spirit   .    t - +2 leather armour {rC+}
rPois   ∞          Reflect  .    J - +1 hat {Will+}
rElec   +          Harm     .    x - +1 cloak {Will+}
rCorr   .          Rampage  .    F - +2 pair of gloves {infuse}
Will    ++...                    w - +0 pair of boots
Stlth   ++........               (no amulet)
HPRegen 0.29/turn                n - ring of fire
MPRegen 0.19/turn                y - ring of fire

@: no status effects
A: sickness immunity, AC +8, negative energy resistance 1, electricity
resistance, torment resistance 1, petrification resistance
a: Renounce Religion


You were on level 9 of the Dungeon.
You worshipped Vehumet.
Vehumet was most pleased with you.
You visited 2 branches of the dungeon, and saw 10 of its levels.
You also visited: Bailey.

You collected 521 gold pieces.
You spent 239 gold pieces at shops.

Inventory:

Hand Weapons
 p - a +0 whip
 z - a +6 whip of flaming (weapon)
 E - a +0 quarterstaff
Missiles
 C - 3 throwing nets
Armour
 a - a +0 robe
 i - a +1 hat
 o - a +0 helmet
 t - a +2 leather armour of cold resistance (worn)
 u - a +2 robe
 v - a +0 pair of gloves
 w - a +0 pair of boots (worn)
 x - a +1 cloak of willpower (worn)
 F - a +2 pair of gloves of infusion (worn)
 J - a +1 hat of willpower (worn)
 K - the +2 shield of Resistance {rF++ rC++ Will++}
   (You found it in a bailey)

   rF:        It greatly protects you from fire.
   rC:        It greatly protects you from cold.
   Will:      It greatly increases your willpower.
Magical Staves
 H - a staff of fire
Jewellery
 n - a ring of fire (left hand)
 y - a ring of fire (right hand)
 N - a ring of protection from fire
Wands
 h - a wand of light (12)
 s - a wand of charming (15)
 G - a wand of flame (4)
Scrolls
 d - 5 scrolls of blinking
 e - 2 scrolls of poison
 k - 4 scrolls of teleportation
 B - a scroll of immolation {unknown}
 L - a scroll of fear
 O - a scroll of identify
Potions
 b - 2 potions of magic
 c - 3 potions of might
 f - a potion of invisibility
 g - a potion of flight {unknown}
 j - 4 potions of haste
 l - a potion of lignification {unknown}
 m - 4 potions of curing
 q - 2 potions of heal wounds {unknown}
 r - a potion of ambrosia {unknown}
 A - 3 potions of resistance
 D - a potion of berserk rage {unknown}
 I - a potion of mutation {unknown}
 M - a potion of attraction {unknown}


   Skills:
 + Level 2.5 Fighting
 + Level 4.3 Maces & Flails
 + Level 4.0 Armour
 + Level 3.4 Dodging
 - Level 2.1 Stealth
 + Level 9.4 Spellcasting
 + Level 7.7 Conjurations
 + Level 0.9 Transmutations
 + Level 0.2 Air Magic
 + Level 11.7 Earth Magic


You had 21 spell levels left.
You knew the following spells:

 Your Spells              Type           Power      Damage    Failure   Level
a - Sandblast             Erth           100%       2d20      1%          1
b - Passwall              Tmut/Erth      26%        N/A       1%          2
c - Stone Arrow           Conj/Erth      92%        3d12      1%          3
d - Shock                 Conj/Air       96%        1d9       1%          1

Your spell library contained the following spells:

 Spells                   Type           Power      Damage    Failure   Level
 Scorch                   Fire           40%        2d7       4%          2
 Hailstorm                Conj/Ice       23%        3d7       1%          3
 Freeze                   Ice            32%        1d5       2%          1
 Poisonous Vapours        Pois/Air       18%        N/A       4%          2
 Petrify                  Tmut/Erth      32%        N/A       7%          4
 Frozen Ramparts          Ice            16%        1d3       8%          3
 Apportation              Tloc           16%        N/A       10%         1
 Ensorcelled Hibernation  Hex/Ice        16%        N/A       14%         2
 Spider Form              Tmut/Pois      10%        N/A       24%         3
 Anguish                  Hex/Necr       4%         N/A       67%         4
 Alistair's Intoxication  Tmut/Pois      6%         N/A       92%         5
 Metabolic Englaciation   Hex/Ice        4%         N/A       95%         5
 Enfeeble                 Hex            4%         N/A       100%        7
 Cigotuvi's Dreadful Rot  Necr/Pois/Air  Unusable   N/A       N/A         2
 Statue Form              Tmut/Erth      Unusable   N/A       N/A         6

Dungeon Overview and Level Annotations

Branches:
Dungeon (9/15)             Temple (1/1) D:4            Lair (0/5) D:9
 Bailey (visited)
    Orc: D:9-12

Altars:
Ashenzari
Cheibriados
Dithmenos
Elyvilon
Fedhas
Gozag
Kikubaaqudgha
Makhleb
Okawaru
Qazlal
Ru
Sif Muna
Trog
Uskayaw
Vehumet
Wu Jian
Xom
Yredelemnul
Zin

Shops:
D:2 =   D:4 [![[

Annotations:
D:4 2 transporters, Inkie2's ghost, amateur MeCK
D:8 3 runed translucent doors, Inkie2's ghost, novice VSEn


Innate Abilities, Weirdness & Mutations

You are immune to sickness and miasma.
Your stone body is resilient. (AC +8)
You are immune to poison.
You resist negative energy. (rN+)
You are resistant to electric shocks. (rElec)
You are resistant to unholy torment.
You are immune to petrification.


Message History

Aiming: Stone Arrow (safe; 1% risk of failure)
Press: ? - help, Shift-Dir - straight line, f - death yak
Aim: a death yak (92% to hit)
The stone arrow hits the death yak!
The death yak is moderately wounded.
The death yak gores you but does no damage.
Unknown command.
Casting: Stone Arrow (safe; 1% risk of failure)
Confirm with . or Enter, or press ? or * to list all spells.
Aiming: Stone Arrow (safe; 1% risk of failure)
Press: ? - help, Shift-Dir - straight line, f/p - death yak
Aim: a death yak (moderately wounded, 92% to hit)
The stone arrow hits the death yak!
The death yak is heavily wounded.
The death yak closely misses you.
Unknown command.
Unknown command.
Unknown command.
Unknown command.
Unknown command.
Casting: Stone Arrow (safe; 1% risk of failure)
Confirm with . or Enter, or press ? or * to list all spells.
Aiming: Stone Arrow (safe; 1% risk of failure)
Press: ? - help, Shift-Dir - straight line, f/p - death yak
Aim: a death yak (heavily wounded, 92% to hit)
The stone arrow hits the death yak!!
The death yak is severely wounded.
The death yak gores you!
* * * LOW HITPOINT WARNING * * *
Casting: Stone Arrow (safe; 1% risk of failure)
Confirm with . or Enter, or press ? or * to list all spells.
Aiming: Stone Arrow (safe; 1% risk of failure)
Press: ? - help, Shift-Dir - straight line, f/p - death yak
Aim: a death yak (severely wounded, 92% to hit)
The stone arrow hits the death yak!
The death yak is almost dead.
The death yak gores you!
* * * LOW HITPOINT WARNING * * *
You feel better. The death yak gores you!
You die... #..# #.# #..# #.# ....... #..####.# .Y.Y... ### #.....#.# ..Y{Y.. ..# #..##.#.### Y>.YoY.

#.# #.......>.. ...Y...
#.# #..##.#.###
.....Yo##.#####..##>#.#
.....Y.#@........##.#.#
#Y#######.......# ###
#####.### #.# #..


You could see a death yak.

Vanquished Creatures
  Gastronok (D:8)
  2 death yaks (D:9)
  Pikel (D:4)
  A gargoyle (Bailey)
  4 polar bears (D:8)
  Prince Ribbit (D:5)
  Sigmund (D:5)
  A wyvern (D:9)
  A vampire (Bailey)
  2 yaks
  A steam dragon (D:9)
  Duvessa (D:5)
  3 ice beasts
  2 ogres
  A sky beast (D:8)
  2 black bears
  A wolf (D:8)
  A phantom (D:5)
  A centaur (D:6)
  A lemure (D:4)
  Blork the orc (D:4)
  4 bullfrogs
  3 necrophages
  A scorpion (D:6)
  Dowan (D:5)
  7 killer bees (D:8)
  3 howler monkeys (D:7)
  8 vampire bats (Bailey)
  5 wolf zombies (Bailey)
  6 hounds
  2 jellies
  2 iguanas
  Natasha (thrice) (D:3)
  An orc wizard (D:7)
  8 gnolls
  13 adders
  A shadow imp (D:5)
  2 white imps (D:8)
  6 ufetubi
  A worm (D:2)
  4 dart slugs
  9 orcs (D:7)
  2 endoplasms
  2 giant cockroaches
  7 goblins
  12 hobgoblins
  4 kobolds
  A quokka (D:1)
  3 ball pythons
  2 bats (D:3)
  3 frilled lizards
  23 orc zombies (Bailey)
  4 rats
183 creatures vanquished.

Vanquished Creatures (others)
  5 fungi (D:2)
  5 toadstools (D:2)
10 creatures vanquished.

Grand Total: 193 creatures vanquished

Notes
Turn   | Place    | Note
-------+----------+-------------------------------------------
     0 | D:1      | funkygono the Gargoyle Earth Elementalist began the quest
                  | for the Orb.
     0 | D:1      | Reached XP level 1. HP: 10/10 MP: 3/3
   221 | D:1      | Reached skill level 4 in Earth Magic
   327 | D:1      | Reached XP level 2. HP: 15/15 MP: 3/5
   330 | D:1      | Learned a level 2 spell: Passwall
   825 | D:2      | Reached XP level 3. HP: 19/19 MP: 2/6
   951 | D:2      | Identified the +9 short sword "Adacsaim" {venom, Int-5
                  | Dex+3 Stlth+}
  1051 | D:2      | Found Wogiasoi's Jewellery Boutique.
  1366 | D:2      | Reached skill level 5 in Earth Magic
  1429 | D:2      | Reached XP level 4. HP: 24/24 MP: 5/8
  1435 | D:2      | Learned a level 3 spell: Stone Arrow
  1927 | D:3      | Reached skill level 1 in Conjurations
  1927 | D:3      | Reached XP level 5. HP: 26/28 MP: 4/9
  2101 | D:3      | Noticed Natasha
  2106 | D:3      | Killed Natasha
  2166 | D:3      | Noticed Natasha
  2171 | D:3      | Killed Natasha
  2172 | D:3      | Reached XP level 6. HP: 25/32 MP: 6/12
  2198 | D:3      | Noticed Natasha
  2202 | D:3      | Killed Natasha
  2569 | D:3      | Found a bloodstained altar of Trog.
  2569 | D:3      | Found a burning altar of Makhleb.
  2608 | D:3      | Found a faded altar of an unknown god.
  2786 | D:4      | Found a staircase to the Ecumenical Temple.
  2848 | Temple   | Entered the Ecumenical Temple
  2945 | Temple   | Became a worshipper of Vehumet
  2963 | D:4      | Found a transporter.
  2965 | D:4      | Noticed Inkie2's ghost (amateur MeCK)
  2968 | D:4      | Found a transporter.
  3001 | D:4      | Reached skill level 6 in Earth Magic
  3310 | D:4      | Noticed Blork the orc
  3315 | D:4      | Killed Blork the orc
  3360 | D:4      | Found Ovitaj's Distillery.
  3361 | D:4      | Found Muiss's Armour Boutique.
  3361 | D:4      | Found Laoschun's Armour Boutique.
  3361 | D:4      | Found Fearch's Armour Boutique.
  3370 | D:4      | Bought a +0 pair of gloves for 45 gold pieces
  3370 | D:4      | Bought a +0 pair of boots for 45 gold pieces
  3386 | D:4      | Bought a +0 cloak of willpower for 149 gold pieces
  3470 | D:5      | Entered Level 5 of the Dungeon
  3493 | D:5      | Reached XP level 7. HP: 36/36 MP: 8/13
  3611 | D:5      | Noticed Pikel
  3685 | D:5      | Noticed Prince Ribbit
  3695 | D:4      | Killed Pikel
  3696 | D:4      | Reached skill level 1 in Armour
  3696 | D:4      | Reached skill level 5 in Spellcasting
  3696 | D:4      | Reached skill level 7 in Earth Magic
  3696 | D:4      | Reached XP level 8. HP: 29/42 MP: 7/16
  3837 | D:5      | Killed Prince Ribbit
  3838 | D:5      | Reached skill level 1 in Fighting
  3838 | D:5      | Reached skill level 8 in Earth Magic
  3957 | D:5      | Noticed Dowan
  3969 | D:5      | Killed Dowan
  4002 | D:5      | Noticed Duvessa
  4008 | D:5      | Killed Duvessa
  4182 | D:5      | Noticed Sigmund
  4204 | D:5      | Killed Sigmund
  4624 | D:6      | Reached * piety under Vehumet
  4624 | D:6      | Offered knowledge of Shock by Vehumet.
  4625 | D:6      | Reached XP level 9. HP: 47/47 MP: 14/18
  4627 | D:6      | Learned a level 1 spell: Shock
  4661 | D:6      | Reached skill level 5 in Conjurations
  4738 | D:6      | Reached skill level 1 in Maces & Flails
  4844 | D:6      | Noticed a +0 short sword
  4845 | D:6      | Noticed a +0 spear
  4845 | D:6      | Noticed a +0 falchion
  4846 | D:6      | Noticed a +0 dagger
  4846 | D:6      | Noticed a +0 spear
  4846 | D:6      | Noticed a +0 falchion
  4846 | D:6      | Noticed a +0 dagger
  4847 | D:6      | Noticed a +0 short sword
  4888 | D:6      | Found a hide-covered altar of Uskayaw.
  5531 | D:6      | Found an opulent altar of Gozag.
  6083 | D:7      | Reached skill level 9 in Earth Magic
  6769 | D:8      | Noticed a polar bear
  6779 | D:8      | Killed a polar bear
  6984 | D:8      | Found a runed translucent gate.
  6986 | D:8      | Found a runed translucent gate.
  6986 | D:8      | Found a runed translucent gate.
  6989 | D:8      | Noticed Inkie2's ghost (novice VSEn)
  7036 | D:8      | Noticed a polar bear
  7038 | D:8      | Reached ** piety under Vehumet
  7038 | D:8      | Offered knowledge of Momentum Strike by Vehumet.
  7055 | D:8      | Killed a polar bear
  7056 | D:8      | Reached XP level 10. HP: 41/52 MP: 3/21
  7446 | D:8      | Reached skill level 10 in Earth Magic
  7814 | D:8      | Noticed Gastronok
  7827 | D:8      | Killed Gastronok
  8236 | D:9      | Found a flagged portal.
  8245 | Bailey   | Entered a bailey
  8497 | Bailey   | Offered knowledge of Scorch by Vehumet.
  8570 | Bailey   | Noticed a gargoyle
  8575 | Bailey   | Killed a gargoyle
  8738 | Bailey   | Reached *** piety under Vehumet
  8810 | Bailey   | Reached skill level 11 in Earth Magic
  8984 | Bailey   | Reached XP level 11. HP: 33/57 MP: 5/24
  9089 | Bailey   | Found the +2 shield of Resistance {rF++ rC++ Will++}
  9188 | D:9      | Found a broken altar of Ashenzari.
  9406 | D:9      | Found a staircase to the Lair.
  9406 | D:9      | Noticed a death yak
  9406 | D:9      | Noticed a death yak
  9407 | D:9      | Noticed a death yak
  9421 | D:9      | Killed a death yak
  9428 | D:9      | Killed a death yak
  9432 | D:9      | HP: 1/58 [death yak (16)]
  9433 | D:9      | Slain by a death yak

Illustrated notes

Levels and vault maps discovered:
D:1:      lightli_iron_boxes, layout_loops_cross
D:2:      layout_basic, serial_rivers, chequers_serial_rivers_micro_e,
          chequers_serial_rivers_room_b, chequers_serial_rivers_micro_b,
          chequers_serial_rivers_micro_b, chequers_serial_rivers_large_b,
          serial_shops, shop, kennysheep_crisscross, minmay_gold_behind_fungi
D:3:      layout_basic, gammafunk_temple_overflow_wave,
          hellmonk_ecumenical_altar_inner_sanctum, uniq_natasha
D:4:      layout_rooms, temple_statues, gammafunk_ghost_mausoleum,
          minmay_shop_grid_forest, uniq_blork_the_orc
D:5:      layout_cave_pools, uniq_duvessa, uniq_pikel, uniq_sigmund,
          uniq_prince_ribbit1
D:6:      layout_rooms, nicolae_uskayaw_en_pointe, kennysheep_mini,
          kennysheep_decorative_pillar
D:7:      nicolae_cairo_tiling_large_dashed, layout_loops_ring
D:8:      layout_loops_ring, serial_ice, serial_ice_h, serial_ice_b,
          serial_ice_o, serial_ice_n, gammafunk_ghost_necromancy,
          minmay_hedge_maze, water_boxes_lemuel, uniq_gastronok
D:9:      wad_crossroads, layout_loops_ring, mainiacjoe_overflow_paths,
          dpeg_lair_monsters, enter_bailey_6, minivault_12
Temple:   eino_temple_lava

Skill      XL: |  1  2  3  4  5  6  7  8  9 10 11 |
---------------+----------------------------------+-----
Earth Magic    | 4 5 6 7 8 9 11 | 11.7
Spellcasting   | 3 4 5 6 7 9 |  9.4
Conjurations   | 1 2 3 4 6 7 |  7.7
Armour         | 1 2 3 4 |  4.0
Dodging        | 2 3 |  3.4
Fighting       | 1 2 |  2.5
Maces & Flails | 2 4 |  4.3
Stealth        | |  2.1
Transmutations | |  0.9
Air Magic      | |  0.2

Action                   |  1- 3 |  4- 6 |  7- 9 | 10-12 || total
-------------------------+-------+-------+-------+-------++-------
Melee: Club              |     3 |     3 |       |       ||     6
       Whip              |       |    13 |    42 |    73 ||   128
       Punch             |       |       |     2 |     1 ||     3
 Cast: Sandblast         |    38 |    70 |    42 |    75 ||   225
       Stone Arrow       |       |       |    79 |    49 ||   128
       Shock             |       |       |       |     6 ||     6
  Use: Scroll            |       |     8 |     6 |     4 ||    18
       Potion            |       |       |       |     2 ||     2
Armor: Robe              |     4 |     5 |       |       ||     9
       Leather armour    |       |     2 |    62 |   104 ||   168
Dodge: Dodged            |     6 |    16 |    65 |   121 ||   208

Table legend: (Time is in decaauts)
 A = Elapsed time spent in this place.
 B = Non-inter-level travel time spent in this place.
 C = Inter-level travel time spent in this place.
 D = Time resting spent in this place.
 E = Time spent auto-exploring this place.
 F = Levels seen in this place.
 G = Mean time per level.
                   A        B        C        D        E       F      G
               +--------+--------+--------+--------+--------+-----+--------+
         Total |   9591 |   9191 |    400 |    963 |   6620 |  11 |  871.9 |
       Dungeon |   8534 |   8144 |    390 |    520 |   6423 |   9 |  948.2 |
        Temple |    106 |     97 |      9 |      0 |     62 |   1 |  106.0 |
        Bailey |    950 |    950 |      0 |    443 |    135 |   1 |  950.0 |
               +--------+--------+--------+--------+--------+-----+--------+

Top non-repeatable levels by time:
     D:8: 1465 daAuts
     D:2: 1129 daAuts
     D:7: 1047 daAuts
     D:5: 998 daAuts
     D:6: 965 daAuts
  Bailey: 950 daAuts
     D:3: 899 daAuts
     D:4: 880 daAuts
     D:1: 805 daAuts
     D:9: 344 daAuts
  Temple: 106 daAuts
